Map: At Eternity's Edge LE

Players

Blam - Winner!

  • Race: Terran Terran
  • League: Gold
  • Spawn Location: 5:00

LtScars

  • Race: Terran Terran
  • Spawn Location: 11:00

VOD

Have the link to the VOD?

Description

Time

  • Played on: July 2, 2026, 6:10 p.m.
  • Length: 10:04
Show
View Real Time Build Order
Export as new Build Order

Blam Terran - Winner!

Build Orders:  

Get SALT Encoding   

  8  0:00  SCV  
  9  0:18  SCV  
  10  0:30  SCV  
  10  0:34  Supply Depot  
  11  0:42  SCV  
  12  0:54  SCV  
  13  0:57  Barracks  
  13  1:06  SCV  
  14  1:13  Refinery  
  14  1:18  SCV  
  15  1:27  Refinery  
  15  1:34  SCV  
  15  1:35  Supply Depot  
  16  1:46  SCV  
  17  1:54  Reaper  
  18  2:02  Barracks  
  18  2:05  SCV  
  19  2:17  SCV  
  20  2:28  Reaper  
  21  2:30  SCV  
  22  2:45  Factory, SCV  
  22  2:49  Reaper  
  24  2:54  Supply Depot  
  24  2:57  SCV  
  25  3:02  Reaper  
  26  3:09  SCV  
  27  3:23  Marine  
  27  3:26  Barracks  
  28  3:34  Factory Tech Lab  
  28  3:41  Marine x2  
  31  3:55  Siege Tank  
  31  4:02  Marine  
  31  4:03  Marine  
  31  4:05  Orbital Command  
  33  4:24  Command Center  
  33  4:26  Barracks Reactor  
  33  4:27  Barracks Tech Lab  
  33  4:30  Barracks  
  33  4:37  Marine  
  34  4:48  SCV  
  35  4:55  Marine  
  35  4:56  Supply Depot  
  35  5:03  Siege Tank  
  37  5:10  Stimpack  
  37  5:17  Marine x3  
  37  5:18  Barracks Reactor  
  40  5:24  Engineering Bay  
  40  5:26  SCV  
  40  5:27  Supply Depot  
  41  5:31  Marine  
  41  5:35  Marine  
  43  5:48  SCV  
  44  5:53  SCV  
  45  6:00  SCV  
  45  6:02  Marine x4  
  50  6:04  Siege Tank  
  50  6:06  SCV  
  54  6:20  Marine x4  
  52  6:38  Marine x4  
  49  6:48  Siege Tank  
  49  6:50  SCV  
  53  6:55  Marine x2  
  53  6:56  SCV, Marine x2  
  58  7:02  SCV  
  58  7:07  Combat Shield  
  58  7:08  SCV  
  60  7:12  Supply Depot  
  60  7:13  Marine x2  
  60  7:14  Marine, Refinery, SCV  
  60  7:15  Refinery  
  64  7:16  Terran Infantry Weapons Level 1  
  64  7:18  Marine  
  64  7:20  SCV  
  66  7:33  Marine  
  63  7:49  Marine x3  
  63  7:51  Marine  
  66  8:07  Marine x2  
  64  8:19  Marine  
  58  8:20  Marine  
  58  8:23  Orbital Command  
  58  8:24  Marine  
  58  8:25  Marine  
  61  8:37  Barracks, Marine x2, Siege Tank  
  61  8:38  Barracks  
  66  8:41  Command Center  
  66  8:42  Marine x2  
  66  8:44  Starport  
  66  8:45  Engineering Bay  
  68  8:55  Marine x2  
  68  9:00  Marine x2  
  69  9:13  Marine x2  
  71  9:18  Marine x2  
  73  9:28  Supply Depot  
  73  9:31  Marine  
Show
View Real Time Build Order
Export as new Build Order

LtScars Terran 

Build Orders: Mech 

Get SALT Encoding   

  8  0:00  SCV  
  9  0:12  SCV  
  10  0:24  SCV  
  10  0:28  Supply Depot  
  11  0:36  SCV  
  12  0:48  SCV  
  13  0:55  Barracks  
  13  1:01  SCV  
  14  1:07  Refinery  
  14  1:13  SCV  
  15  1:23  Supply Depot  
  15  1:25  SCV  
  16  1:37  SCV  
  17  1:47  Marine  
  17  1:52  Orbital Command  
  18  2:06  Marine  
  18  2:07  Refinery  
  19  2:18  Factory  
  19  2:19  SCV  
  20  2:30  Barracks Reactor  
  20  2:38  SCV  
  21  2:50  SCV  
  22  2:54  Command Center  
  22  3:06  Hellion  
  22  3:07  Marine  
  22  3:08  Marine  
  26  3:16  SCV  
  27  3:23  Supply Depot  
  27  3:27  Marine  
  27  3:29  SCV  
  29  3:42  Factory Reactor  
  29  3:44  Marine  
  29  3:45  SCV  
  29  3:47  Supply Depot  
  29  3:58  SCV  
  29  4:00  Marine  
  29  4:02  Marine  
  31  4:07  Factory  
  32  4:11  Factory  
  30  4:18  Orbital Command  
  30  4:23  Widow Mine  
  32  4:26  Widow Mine  
  34  4:32  SCV  
  35  4:56  Hellion x2, Orbital Command  
  39  5:12  Marine  
  39  5:13  Marine  
  41  5:15  Factory Tech Lab  
  41  5:16  Factory Tech Lab  
  41  5:20  Armory  
  41  5:26  SCV x2  
  43  5:30  Supply Depot  
  43  5:32  Hellion x2  
  43  5:33  Marine x2  
  49  5:38  SCV x2  
  49  5:39  Siege Tank  
  49  5:42  Siege Tank  
  57  5:47  Infernal Pre-Igniter  
  57  5:53  Mag-Field Accelerator  
  57  5:56  SCV x2  
  59  6:08  SCV x2  
  47  6:39  Hellion x2  
  50  6:40  Widow Mine  
  50  6:44  SCV x2  
  51  6:53  Thor  
  55  6:56  Terran Vehicle Weapons Level 1, SCV x2  
  55  7:00  Starport  
  57  7:06  Hellbat x2  
  61  7:08  SCV  
  61  7:09  SCV  
  63  7:23  Factory  
  63  7:31  Barracks Tech Lab, SCV x2  
  65  7:43  SCV x2  
  63  7:57  SCV  
  58  8:09  SCV  
  57  8:35  Orbital Command  
  57  8:42  Thor  
  57  8:44  Hellion  
  57  8:46  Factory Reactor  
  65  9:13  Orbital Command  
  65  9:14  Hellion  
  65  9:25  Hellion x2  
Tags
 
Composition
Mech
League
Gold
Matchup
TvT
Race
Terran
Spawn Locations
Cross Positions
Add a new tag
Caveats
  • Supply blocks, unpowered buildings, or Contaminate may cause inaccurate times.
  • Supply counts are checked every 10 seconds.